 Dungeon Crawl Stone Soup version 0.29.0-11-gd7f09526c8 (webtiles) character file.

Game seed: 14130723397998513973

70 groovy9 the Cudgeller (level 4, -1/44 HPs)
             Began as a Troll Berserker on Sept 5, 2022.
             Was a Believer of Trog.
             Slain by a gnoll
             ... wielding a +2 whip of distortion
              (5 damage)
             ... on level 2 of the Dungeon.
             The game lasted 00:19:12 (945 turns).

groovy9 the Cudgeller (Troll Berserker)              Turns: 945, Time: 00:19:13

Health: -1/44      AC: 11    Str: 27    XL:     4   Next: 3%
Magic:  3/3        EV: 10    Int:  3    God:    Trog [**....]
Gold:   48         SH:  0    Dex:  9    Spells: 3/3 levels left

rFire   . . .      SeeInvis .   k - +0 short sword (protect)
rCold   . . .      Faith    .   (no shield)
rNeg    . . .      Spirit   .   b - +0 animal skin
rPois   .          Reflect  .   (helmet restricted)
rElec   .          Harm     .   (no cloak)
rCorr   .          Rampage  .   (gloves unavailable)
Will    .....                   (boots unavailable)
Stlth   +.........              (no amulet)
HPRegen 0.94/turn               (no ring)
MPRegen 0.08/turn               (no ring)

@: under a protective aura
A: large, unfitting armour, claws 3, regeneration 1, shaggy fur 1, tough skin 1
a: Renounce Religion, Berserk, Trog's Hand


You were on level 2 of the Dungeon.
You worshipped Trog.
Trog was pleased with you.
You visited 1 branch of the dungeon, and saw 2 of its levels.

You collected 48 gold pieces.

Inventory:

Hand Weapons
 a - a +0 mace
 k - a +0 short sword of protection (weapon)
Missiles
 g - 18 stones (quivered)
 m - 5 boomerangs of dispersal
Armour
 b - a +0 animal skin (worn)
Scrolls
 d - a scroll of enchant armour {unknown}
 e - a scroll of teleportation {unknown}
 h - a scroll of noise {unknown}
 j - a scroll of identify {unknown}
Potions
 c - a potion of resistance {unknown}
 f - a potion of attraction {unknown}
 l - a potion of might {unknown}


   Skills:
 + Level 2.9 Fighting
 + Level 0.3 Short Blades
 + Level 3.3 Maces & Flails
 + Level 3.0 Dodging
 + Level 0.2 Stealth


You had 3 spell levels left.
You didn't know any spells.
Your spell library was empty.

Dungeon Overview and Level Annotations

Branches:
Dungeon (2/15)

Altars:


Innate Abilities, Weirdness & Mutations

You are too large for most types of armour.
You have claws for hands.
Your natural rate of healing is unusually fast.
You are covered in fur. (AC +1)
You have tough skin. (AC +1)


Message History

You blink.
An adder comes into view.
The gnoll attacks as you move away! The gnoll hits you with a +0 flail.
The gnoll attacks as you move away! The gnoll hits you with a +0 flail!
You barely miss the gnoll.
The gnoll is almost dead.
The gnoll hits you with a +0 flail.
* * * LOW HITPOINT WARNING * * *
You hit the gnoll.
Your weapon exudes an aura of protection.
You kill the gnoll!
Trog accepts your kill.
You have reached level 4!
You barely miss the gnoll.
The gnoll is lightly wounded.
The gnoll closely misses you.
You hit the gnoll but do no damage.
The gnoll is lightly wounded.
The gnoll hits you but does no damage.
The adder hisses angrily.
You hit the gnoll but do no damage.
The gnoll is lightly wounded.
The gnoll hits you with a +2 whip of distortion.
* * * LOW HITPOINT WARNING * * *
You hit the gnoll but do no damage.
The gnoll is lightly wounded.
The gnoll hits you but does no damage. Space warps around you.
* * * LOW HITPOINT WARNING * * *
You closely miss the gnoll.
The gnoll is lightly wounded.
The gnoll hits you with a +2 whip of distortion.
* * * LOW HITPOINT WARNING * * *
Space warps around you.
* * * LOW HITPOINT WARNING * * *
The gnoll attacks as you move away! The gnoll hits you but does no damage.
Space warps around you.
* * * LOW HITPOINT WARNING * * *
The gnoll attacks as you move away!
The gnoll hits you with a +2 whip of distortion.
You die...

#### #.. #.# #@# #g# #)#
#S# ##.#####..
#########........#
#######............#####
#...).....#####........
#.###.......# #.##.####


You could see a gnoll and an adder.

Vanquished Creatures
  Robin (D:2)
  2 gnolls (D:2)
  A dart slug (D:2)
  2 ball pythons (D:1)
  3 bats
  An endoplasm (D:1)
  A giant cockroach (D:1)
  9 goblins (D:2)
  6 hobgoblins
  2 quokkas (D:1)
  2 frilled lizards (D:1)
  4 kobolds
  2 rats (D:1)
36 creatures vanquished.

Notes
Turn   | Place    | Note
-------+----------+-------------------------------------------
     0 | D:1      | groovy9 the Troll Berserker began the quest for the Orb.
     0 | D:1      | Reached XP level 1. HP: 22/22 MP: 0/0
   155 | D:1      | Reached XP level 2. HP: 29/29 MP: 1/1
   175 | D:1      | Found a faded altar of an unknown god.
   801 | D:2      | Noticed Robin
   806 | D:2      | Reached XP level 3. HP: 35/36 MP: 2/2
   842 | D:2      | Killed Robin
   857 | D:2      | Reached ** piety under Trog
   939 | D:2      | Reached XP level 4. HP: 13/44 MP: 3/3
   945 | D:2      | Slain by a gnoll

Illustrated notes

Levels and vault maps discovered:
D:1:      dpeg_arrival_boxes_within_box, layout_rooms, basic_ecumenical_altar,
          amcnicky_mini_rare_corridor_liquid, minmay_crystal_water,
          minmay_misc_feat_enclosed
D:2:      layout_loops_ring, uniq_robin

Skill      XL: |  1  2  3 |
---------------+----------+-----
Maces & Flails | 3 |  3.3
Dodging        | 3 |  3.0
Fighting       | |  2.9
Short Blades   | |  0.3
Stealth        | |  0.2

Action                   |  1- 3 |  4- 6 || total
-------------------------+-------+-------++-------
Melee: Mace              |    59 |       ||    59
       Short sword       |   108 |     5 ||   113
       Punch             |     3 |       ||     3
 Stab: Sleeping          |     1 |       ||     1
Armor: Animal skin       |    77 |     3 ||    80
Dodge: Dodged            |    97 |     1 ||    98
